 Dungeon Crawl Stone Soup version 0.24.0-13-gcf9b3192b9 (webtiles) character file.

Game seed: 11356266409399324615, levelgen mode: deterministic

214 Aviak the Conjurer (level 5, -5/37 HPs)
             Began as a Gnoll Conjurer on Nov 5, 2019.
             Slain by an ice beast (14 damage)
             ... on level 2 of the Dungeon.
             The game lasted 00:02:02 (1661 turns).

Aviak the Conjurer (Gnoll Conjurer)                 Turns: 1661, Time: 00:02:02

Health: -5/37      AC:  4    Str: 10    XL:     5   Next: 91%
Magic:  9/12       EV: 14    Int: 18    God:
Gold:   24         SH:  0    Dex: 16    Spells: 13/14 levels left

rFire    . . .     SeeInvis .   e - +3 scythe (vamp) {!w}
rCold    . . .     Gourm    .   (shield currently unavailable)
rNeg     . . .     Faith    .   k - +0 leather armour
rPois    .         Spirit   .   (no helmet)
rElec    .         Reflect  .   (no cloak)
rCorr    .         Harm     .   i - +0 pair of gloves
MR       .....                  (no boots)
Stlth    +++.......             (no amulet)
HPRegen  0.12/turn              (no ring)
MPRegen  0.13/turn              (no ring)

@: flying
A: distributed training, fangs 1, strong nose
a: no special abilities


You were on level 2 of the Dungeon.
You were not hungry.

You visited 1 branch of the dungeon, and saw 2 of its levels.

You collected 24 gold pieces.

Inventory:

Hand Weapons
 b - a +0 whip
 e - a +3 vampiric scythe (weapon) {!w}
 g - a +0 mace
Armour
 a - a +0 robe
 i - a +0 pair of gloves (worn)
 k - a +0 leather armour (worn)
Scrolls
 d - 2 scrolls of remove curse {unknown}
 j - 3 scrolls of identify {unknown}
 l - a scroll of magic mapping {unknown}
 m - a scroll of random uselessness {unknown}
 n - a scroll of teleportation {unknown}
Potions
 h - 2 potions of degeneration {unknown}
 o - a potion of heal wounds {unknown}
Comestibles
 c - 3 rations


   Skills:
 + Level 1.6 Fighting
 + Level 1.6 Short Blades
 + Level 1.6 Long Blades
 + Level 1.6 Axes
 + Level 1.6 Maces & Flails
 + Level 1.6 Polearms
 + Level 1.6 Staves
 + Level 1.6 Slings
 + Level 1.6 Bows
 + Level 1.6 Crossbows
 + Level 1.6 Throwing
 + Level 1.6 Armour
 + Level 4.8 Dodging
 + Level 4.4 Stealth
 + Level 1.6 Shields
 + Level 1.6 Unarmed Combat
 + Level 5.2 Spellcasting
 + Level 7.2 Conjurations
 + Level 1.3 Hexes
 + Level 1.3 Charms
 + Level 1.3 Summonings
 + Level 1.3 Necromancy
 + Level 1.3 Translocations
 + Level 1.3 Transmutations
 + Level 1.3 Fire Magic
 + Level 1.3 Ice Magic
 + Level 1.3 Air Magic
 + Level 1.3 Earth Magic
 + Level 1.3 Poison Magic
 + Level 1.8 Invocations
 + Level 1.6 Evocations


You had 13 spell levels left.
You knew the following spells:

 Your Spells              Type           Power        Failure   Level  Hunger
a - Magic Dart            Conj           ####         1%          1    None

Your spell library contained the following spells:

 Spells                   Type           Power        Failure   Level  Hunger
 Searing Ray              Conj           ####..       1%          2    #......
 Dazzling Spray           Conj/Hex       ###...       9%          3    ##.....
 Iskenderun's Mystic Bla  Conj           ####....     9%          4    ####...
 Force Lance              Conj/Tloc      ###.....     28%         4    ####...
 Fulminant Prism          Conj/Hex       ###.......   28%         4    ####...


Dungeon Overview and Level Annotations

Branches:
Dungeon (2/15)

Altars:


Innate Abilities, Weirdness & Mutations

Your experience applies equally to all skills.
You have very sharp teeth.
Your uncanny sense of smell can sniff out nearby items.


Message History

The magic dart hits the ice beast but does no damage.
Sorry, you're not good enough to have a special ability.
Casting: Magic Dart (safe; 1% risk of failure)
Confirm with . or Enter, or press ? or * to list all spells.
Aiming: Magic Dart (safe; 1% risk of failure)
Press: ? - help, Shift-Dir - straight line, f/p - ice beast
Aim: an ice beast The magic dart hits the ice beast.
The ice beast is lightly wounded.
You hit the ice beast.
The ice beast is moderately wounded.
The ice beast hits you. The ice beast freezes you! The ice beast hits you.
The ice beast freezes you!
* * * LOW HITPOINT WARNING * * *
It was a potion of flight.
You feel very buoyant.
You fly up into the air.
The ice beast hits you.
* * * LOW HITPOINT WARNING * * *
The ice beast freezes you!
You die...

..# #.##########
............#
.#########...#
.#............##
...............##
##.#######......##
##.#######.(....$#######
†..............(@Y......
#####..#.........#######
#####..#........##
...............##
.####..##...#.## .#
#..##...#.# .#
#..##...#.# .#
#..##...#.# .#
#.......#.#


You could see an ice beast.

Vanquished Creatures
  Sigmund (D:2)
  A gnoll (D:1)
  2 adders (D:2)
  2 worms (D:2)
  2 dart slugs (D:1)
  2 leopard geckos
  A giant cockroach (D:1)
  A goblin (D:1)
  5 hobgoblins
  4 kobolds
  A ball python (D:2)
  2 bats (D:1)
  4 frilled lizards
  2 rats
30 creatures vanquished.

Notes
Turn   | Place    | Note
-------+----------+-------------------------------------------
     0 | D:1      | Aviak the Gnoll Conjurer began the quest for the Orb.
     0 | D:1      | Reached XP level 1. HP: 13/13 MP: 6/6
   177 | D:1      | Reached XP level 2. HP: 20/20 MP: 1/7
   539 | D:1      | Reached XP level 3. HP: 25/25 MP: 3/9
   553 | D:1      | Reached skill level 5 in Spellcasting
  1465 | D:2      | Noticed Sigmund
  1466 | D:2      | Reached skill level 1 in Invocations
  1476 | D:2      | Killed Sigmund
  1476 | D:2      | Reached skill level 1 in Fighting
  1476 | D:2      | Reached skill level 1 in Short Blades
  1476 | D:2      | Reached skill level 1 in Long Blades
  1476 | D:2      | Reached skill level 1 in Axes
  1476 | D:2      | Reached skill level 1 in Maces & Flails
  1476 | D:2      | Reached skill level 1 in Polearms
  1476 | D:2      | Reached skill level 1 in Staves
  1476 | D:2      | Reached skill level 1 in Slings
  1476 | D:2      | Reached skill level 1 in Bows
  1476 | D:2      | Reached skill level 1 in Crossbows
  1476 | D:2      | Reached skill level 1 in Throwing
  1476 | D:2      | Reached skill level 1 in Armour
  1476 | D:2      | Reached skill level 1 in Shields
  1476 | D:2      | Reached skill level 1 in Unarmed Combat
  1476 | D:2      | Reached skill level 1 in Hexes
  1476 | D:2      | Reached skill level 1 in Charms
  1476 | D:2      | Reached skill level 1 in Summonings
  1476 | D:2      | Reached skill level 1 in Necromancy
  1476 | D:2      | Reached skill level 1 in Translocations
  1476 | D:2      | Reached skill level 1 in Transmutations
  1476 | D:2      | Reached skill level 1 in Fire Magic
  1476 | D:2      | Reached skill level 1 in Ice Magic
  1476 | D:2      | Reached skill level 1 in Air Magic
  1476 | D:2      | Reached skill level 1 in Earth Magic
  1476 | D:2      | Reached skill level 1 in Poison Magic
  1476 | D:2      | Reached skill level 1 in Evocations
  1476 | D:2      | Reached XP level 4. HP: 32/32 MP: 0/11
  1476 | D:2      | Reached XP level 5. HP: 37/37 MP: 0/12
  1651 | D:2      | Noticed an ice beast
  1661 | D:2      | Slain by an ice beast

Levels and vault maps discovered:
D:1:      giann_wishing_wells, layout_basic, serial_forest,
          infiniplex_forest_split, infiniplex_forest_zigzag_1,
          infiniplex_forest_clump_tiny, infiniplex_forest_clump_small,
          infiniplex_forest_lined_2, infiniplex_forest_corner_1
D:2:      layout_loops_ring, uniq_sigmund

Skill      XL: |  1  2  3 |
---------------+----------+-----
Spellcasting   | 5 |  5.2
Invocations    | 1 |  1.8
Fighting       | 1 |  1.6
Short Blades   | 1 |  1.6
Long Blades    | 1 |  1.6
Axes           | 1 |  1.6
Maces & Flails | 1 |  1.6
Polearms       | 1 |  1.6
Staves         | 1 |  1.6
Slings         | 1 |  1.6
Bows           | 1 |  1.6
Crossbows      | 1 |  1.6
Throwing       | 1 |  1.6
Armour         | 1 |  1.6
Shields        | 1 |  1.6
Unarmed Combat | 1 |  1.6
Hexes          | 1 |  1.3
Charms         | 1 |  1.3
Summonings     | 1 |  1.3
Necromancy     | 1 |  1.3
Translocations | 1 |  1.3
Transmutations | 1 |  1.3
Fire Magic     | 1 |  1.3
Ice Magic      | 1 |  1.3
Air Magic      | 1 |  1.3
Earth Magic    | 1 |  1.3
Poison Magic   | 1 |  1.3
Evocations     | 1 |  1.6
Dodging        | |  4.8
Stealth        | |  4.4
Conjurations   | |  7.2

Action                   |  1- 3 |  4- 6 || total
-------------------------+-------+-------++-------
Melee: Mace              |     4 |    16 ||    20
       Scythe            |       |    17 ||    17
       Bite              |       |     3 ||     3
 Cast: Magic Dart        |    38 |     4 ||    42
  Use: Potion            |     2 |     1 ||     3
 Stab: Sleeping          |     1 |     5 ||     6
  Eat: Chunk             |     2 |       ||     2
Armor: Skin              |     1 |    19 ||    20
Dodge: Dodged            |     4 |     7 ||    11
